r e k t, neutral male scurrid Tourist ... .@. I.$ r e k t the Rambler Experience level: 1 Strength: 12 Dexterity: 11 Constitution: 14 Intelligence: 14 Wisdom: 7 Charisma: 17 Health: 0(9) Energy: 2(2) Def: 0 Gold: 2192 Moves: 49 Dungeon seed: Ib_v9Jg_5gYwBH5X Game ID: r e k t_1498625614 Your Inventory: Coins $ - 2192 gold pieces Weapons a - 47 uncursed +2 darts (in quiver) Armor e - an uncursed +0 Hawaiian shirt (being worn) Comestibles b - an uncursed chestnut c - 6 uncursed food rations d - an uncursed pancake f - an uncursed tin of goblin meat g - an uncursed tin of kobold meat h - an uncursed banana Scrolls j - a blessed scroll of magic mapping k - 3 uncursed scrolls of magic mapping Potions i - 2 uncursed potions of extra healing Wands n - an uncursed wand of secret door detection (0:15) Tools l - an uncursed expensive camera (0:63) m - an uncursed credit card o - an uncursed tin opener Spells and supernatural/magical abilities: Name Level Category Fail Memory W - pray for help -- divine ? -- Your skills at the end: Miscellaneous Skills wands [Basic] Weapon Skills dart [Basic] Spellcasting Skills Final Attributes: You were devoutly aligned. You had infravision. You were very stealthy. You are dead. Voluntary challenges: You went without food. You did not adorn yourself with jewelry or accessories. You did not cause conflict. You were not invisible. You did not have reflection. You were not displaced. You were an atheist. You never hit with a wielded weapon. You were a pacifist. You did not use tools. You did not use plumbed fixtures. You did not drink any magical draughts. You were illiterate. You never genocided any monsters. You never polymorphed an object. You never changed form. You used no wishes. You never split a pudding. You never wrote Elbereth's name. You never violated your personal moral code. Dungeon overview: The Dungeons of Doom: levels 1 to 20 Level 1 a long staircase Level 2 a fountain Level 3 an altar to Offler Level 4 a fountain Level 5 a throne Level 6 Level 7 Level 8 Level 9 Level 10 Level 11 Level 12 a fountain Level 13 Level 14 Level 15 Level 16 Level 17 Level 18 Level 19 an altar to The Lady Level 20 <- You were here History has recorded: On T:1 you entered the Dungeons of Doom to retrieve the Amulet of Yendor! On T:4 you reached level 2 of The Dungeons of Doom. On T:7 you reached level 3 of The Dungeons of Doom. On T:9 you reached level 4 of The Dungeons of Doom. On T:11 you reached level 5 of The Dungeons of Doom. On T:13 you reached level 6 of The Dungeons of Doom. On T:16 you reached level 7 of The Dungeons of Doom. On T:18 you reached level 8 of The Dungeons of Doom. On T:20 you reached level 9 of The Dungeons of Doom. On T:22 you reached level 10 of The Dungeons of Doom. On T:26 you reached level 11 of The Dungeons of Doom. On T:28 you reached level 12 of The Dungeons of Doom. On T:31 you reached level 13 of The Dungeons of Doom. On T:33 you reached level 14 of The Dungeons of Doom. On T:35 you reached level 15 of The Dungeons of Doom. On T:37 you reached level 16 of The Dungeons of Doom. On T:37 you entered the Rogue tribute level. On T:40 you reached level 17 of The Dungeons of Doom. On T:42 you reached level 18 of The Dungeons of Doom. On T:48 you reached level 20 of The Dungeons of Doom. Score breakdown: Gold: 1468 ( 146 points) Experience: 1 level ( 0 points) Exploration: 20 levels ( 570 points) Discoveries: 1 item ( 50 points) Variety of kills: 0 monsters ( 0 points) Major goal: (nothing yet) ( 0 points) Survival: died (score multiplied by 3) Total score: 2298 Latest messages: You dig a pit in the floor. You continue digging downward. You dig a hole through the floor. You fall through... The adjacent object falls through the hole. You see here a chestnut. That command is only available in debug mode. You start chewing a hole in the rock. You continue digging. You make an opening in the wall. You have no weapon equipped. You start digging downward. You continue digging downward. You dig a pit in the floor. You continue digging downward. You dig a hole through the floor. You fall through... The elf-lord drinks a ruby potion! Suddenly you cannot see the elf-lord. You start digging downward. Something stabs you! You die... Final status: Aloha r e k t the Tourist, killed by an invisible elf-lord... You died in The Dungeons of Doom on dungeon level 20 with 2298 points, and 2192 pieces of gold, after 49 moves. You were level 1 with a maximum of 9 hit points when you died.